 Dungeon Crawl Stone Soup version 0.27.0-1-g7a089689b8 (webtiles) character file.

Game seed: 15575851686281565639

717 Acheron the Bolt Thrower (level 7, 0/59 HPs)
             Began as a Hill Orc Hunter on Aug 1, 2021.
             Slain by a bullfrog (6 damage)
             ... on level 5 of the Dungeon.
             The game lasted 00:20:56 (3555 turns).

Acheron the Bolt Thrower (Hill Orc Hunter)          Turns: 3555, Time: 00:20:57

Health: 0/59       AC:  8    Str: 15    XL:     7   Next: 70%
Magic:  9/9        EV:  7    Int: 11    God:
Gold:   144        SH: 10    Dex: 13    Spells: 9/9 levels left

rFire    . . .     SeeInvis .   b - +0 short sword
rCold    . . .     Faith    .   o - +2 kite shield
rNeg     . . .     Spirit   .   e - +0 scale mail
rPois    +         Reflect  .   (no helmet)
rElec    .         Harm     .   i - +0 cloak
rCorr    .         Rampage  .   (no gloves)
Will     .....                  (no boots)
Stlth    +.........             (no amulet)
HPRegen  0.19/turn              k - ring of flight
MPRegen  0.11/turn              m - ring of poison resistance

@: flying
A: no striking features
a: no special abilities


You were on level 5 of the Dungeon.
You visited 1 branch of the dungeon, and saw 7 of its levels.

You collected 144 gold pieces.

Inventory:

Hand Weapons
 a - a +2 hand crossbow
 b - a +0 short sword (weapon)
Missiles
 f - 13 sling bullets
Armour
 e - a +0 scale mail (worn)
 i - a +0 cloak (worn)
 l - a +2 robe of the Archmagi
 o - a +2 kite shield (worn)
Jewellery
 k - a ring of flight (left hand)
 m - a ring of poison resistance (right hand)
Wands
 q - a wand of polymorph (7)
Scrolls
 c - 2 scrolls of identify {unknown}
 g - a scroll of enchant weapon
 h - a scroll of teleportation
 p - a scroll of fog {unknown}


   Skills:
 * Level 4.1 Fighting
 * Level 3.0 Short Blades
 + Level 4.7 Crossbows
 * Level 3.2 Armour
 * Level 2.6 Dodging
 * Level 2.3 Stealth
 * Level 1.4 Shields
 * Level 1.5 Spellcasting
 * Level 1.3 Evocations


You had 9 spell levels left.
You didn't know any spells.
Your spell library was empty.

Dungeon Overview and Level Annotations

Branches:
Dungeon (7/15)
 Temple: D:4-7

Altars:
Fedhas
Kikubaaqudgha


Message History

An ice beast comes into view.
The bullfrog hits you but does no damage.
You block the bullfrog's attack. The bullfrog barely misses you.
The bullfrog closely misses you. The bullfrog barely misses you.
You block the bullfrog's attack. The bullfrog hits you.
There is a stone staircase leading up here.
You block the bullfrog's attack.
The bullfrog hits you but does no damage.
You fly upwards.
There is a stone staircase leading down here.
You hit the bullfrog.
The bullfrog is lightly wounded.
The bullfrog hits you. x2
* * * LOW HITPOINT WARNING * * *
You barely miss the bullfrog.
The bullfrog is lightly wounded.
You block the bullfrog's attack. The bullfrog barely misses you.
You hit the bullfrog.
The bullfrog is moderately wounded.
The bullfrog hits you.
* * * LOW HITPOINT WARNING * * *
You block the bullfrog's attack.
You hit the bullfrog.
The bullfrog is heavily wounded.
The bullfrog hits you but does no damage.
The bullfrog hits you.
* * * LOW HITPOINT WARNING * * *
You completely miss the bullfrog.
The bullfrog is heavily wounded.
The bullfrog barely misses you.
You closely miss the bullfrog.
The bullfrog is heavily wounded.
You block the bullfrog's attack. The bullfrog hits you.
* * * LOW HITPOINT WARNING * * *
It was a potion of cancellation.
You feel magically purged. The bullfrog hits you.
You die...

######## #......#
#......# #......#
#......# #......#
#......# #.@....#
#.F....#
#######..####
#....##..#
#....##..####
#....##..#..#
#....##..#..##
#....##..##..##
#..........#..###


You could see a bullfrog.

Vanquished Creatures
  Sigmund (D:2)
  2 necrophages
  A phantom (D:5)
  A kobold brigand (D:6)
  A water moccasin skeleton (D:6)
  2 hounds
  A scorpion zombie (D:5)
  A howler monkey zombie (D:5)
  3 adders
  A white imp (D:6)
  A worm (D:2)
  3 dart slugs
  5 orcs
  6 ball pythons
  4 endoplasms
  2 giant cockroaches
  5 goblins
  3 hobgoblins
  8 jackals
  3 kobolds
  A quokka (D:4)
  8 bats
  2 frilled lizards (D:1)
  4 rats (D:1)
69 creatures vanquished.

Vanquished Creatures (others)
  An endoplasm (D:1)
1 creature vanquished.

Grand Total: 70 creatures vanquished

Notes
Turn   | Place    | Note
-------+----------+-------------------------------------------
     0 | D:1      | Acheron the Hill Orc Hunter began the quest for the Orb.
     0 | D:1      | Reached XP level 1. HP: 18/18 MP: 1/1
   195 | D:1      | Reached XP level 2. HP: 25/25 MP: 2/2
   206 | D:1      | Reached skill level 1 in Stealth
   920 | D:2      | Reached XP level 3. HP: 26/30 MP: 3/3
  1085 | D:2      | Noticed Sigmund
  1096 | D:2      | HP: 1/30 [something/puff of flame (2)]
  1098 | D:2      | Killed Sigmund
  1099 | D:2      | Reached skill level 1 in Short Blades
  1099 | D:2      | Reached XP level 4. HP: 2/38 MP: 3/5
  1099 | D:2      | Reached XP level 5. HP: 3/45 MP: 3/6
  1771 | D:3      | Reached XP level 6. HP: 51/51 MP: 7/7
  1860 | D:3      | Reached skill level 1 in Spellcasting
  2609 | D:4      | Found an ancient bone altar of Kikubaaqudgha.
  2654 | D:5      | Entered Level 5 of the Dungeon
  2654 | D:5      | Noticed a necrophage
  2659 | D:5      | Killed a necrophage
  2689 | D:5      | Found a blossoming altar of Fedhas.
  2725 | D:5      | Reached XP level 7. HP: 39/58 MP: 8/8
  2874 | D:5      | Reached skill level 1 in Shields
  3279 | D:6      | Reached skill level 1 in Evocations
  3555 | D:5      | Slain by a bullfrog

Illustrated notes

Levels and vault maps discovered:
D:1:      matt_arrival_grand_opening, layout_loops_ring, minivault_26,
          lemuel_flame_loot_1
D:2:      layout_loops_cross, uniq_sigmund, uniq_robin, uniq_crazy_yiuf_cottage
D:3:      wander_river, layout_basic
D:4:      layout_cave_pools, kiku_gazebo_pond_becter, minmay_liquid_box,
          kennysheep_generic_room_4
D:5:      layout_rooms, overflow_temple_1_default, serial_curves,
          eino_curves_04, eino_curves_01, uniq_grinder, uniq_menkaure
D:6:      layout_basic, nicolae_wu_jian_wuxing_cycle,
          mainiacjoe_overflow_chevrons, lightli_temple_of_fire,
          minmay_temple_entry_from_below_b, serial_shops, shop
D:7:      layout_basic

Skill      XL: |  1  2  3  4  5  6  7 |
---------------+----------------------+-----
Stealth        | 1 2 |  2.3
Crossbows      | 4 |  4.7
Fighting       | 3 4 |  4.1
Short Blades   | 1 2 3 |  3.0
Armour         | 2 3 |  3.2
Dodging        | 2 |  2.6
Spellcasting   | 1 |  1.5
Shields        | 1 |  1.4
Evocations     | 1 |  1.3

Action                   |  1- 3 |  4- 6 |  7- 9 || total
-------------------------+-------+-------+-------++-------
Melee: Short sword       |    51 |   150 |    43 ||   244
 Fire: Hand crossbow     |    29 |    35 |    30 ||    94
  Use: Potion            |       |       |     3 ||     3
       Scroll            |       |       |     2 ||     2
Armor: Scale mail        |    38 |    88 |    21 ||   147
Dodge: Dodged            |    36 |    84 |    29 ||   149
Block: Kite shield       |       |    26 |    45 ||    71
